 Dungeon Crawl Stone Soup version 0.29-a0-542-g075992c915 (webtiles) character file.

Game seed: 1388707981845419706

2345 testman the Fighter (level 10, -1/89 (91) HPs)
             Began as a Meteoran Fighter on June 4, 2022.
             Slain by a lemure (4 damage)
             ... led by Pikel
             ... on level 9 of the Dungeon.
             The game lasted 00:17:56 (4176 turns).

testman the Fighter (Meteoran Fighter)              Turns: 4176, Time: 00:17:57

HP:   -1/89 (91)    AC:  8    Str: 22    XL:     10   Next: 1%
MP:   20/20         EV:  9    Int:  9    God:
Gold: 309           SH: 11    Dex: 15    Spells: 9/9 levels left

rFire   . . .      SeeInvis .   m - +7 Throatcutter {drain, coup de grace}
rCold   + . .      Faith    .   s - +0 kite shield
rNeg    . . .      Spirit   .   q - +2 ring mail {rC+}
rPois   .          Reflect  .   (no helmet)
rElec   .          Harm     .   (no cloak)
rCorr   .          Rampage  .   (no gloves)
Will    .....                   (no boots)
Stlth   +.........              (no amulet)
HPRegen 0.24/turn               b - ring of magical power
MPRegen 0.17/turn               (no ring)

@: weak-willed, mesmerised, glowing, lightly drained
A: sense surroundings 2, otherworldly, glowing, explore regen
a: no special abilities


You were on level 9 of the Dungeon.
You visited 1 branch of the dungeon, and saw 9 of its levels.

You collected 309 gold pieces.

Inventory:

Hand Weapons
 k - a +1 vorpal flail
 m - the +7 Throatcutter (weapon) {drain, coup de grace}
   (You found it on level 3 of the Dungeon)

   A truly terrible weapon, it drains the life of any living foe it strikes.
   It may instantly kill foes which have little health.
Missiles
 j - 24 poisoned darts (quivered)
 v - a throwing net
Armour
 c - a +0 buckler
 e - the +1 hat "Xitwebli" {rF+ Int+4}
   (You acquired it on level 9 of the Dungeon)

   Int:       It affects your intelligence (+4).
   rF:        It protects you from fire.
 q - a +2 ring mail of cold resistance (worn)
 s - a +0 kite shield (worn)
 y - a +0 hat
Jewellery
 b - a ring of magical power (left hand)
Wands
 l - a wand of paralysis (8)
 n - a wand of flame (30)
 r - a wand of iceblast (10)
Scrolls
 g - 2 scrolls of fog
 o - 2 scrolls of teleportation
Potions
 a - 2 potions of haste {unknown}
 f - 5 potions of curing
 t - a potion of invisibility {unknown}
 x - a potion of berserk rage {unknown}


   Skills:
 * Level 9.6 Fighting
 - Level 5.0 Maces & Flails
 + Level 8.2 Armour
 + Level 8.1 Shields


You had 9 spell levels left.
You didn't know any spells.
Your spell library contained the following spells:

 Spells                   Type           Power      Damage    Failure   Level
 Slow                     Hex            0%         N/A       83%         1
 Searing Ray              Conj           0%         2d4       92%         2
 Dazzling Flash           Conj/Hex       0%         N/A       99%         3
 Anguish                  Hex/Necr       0%         N/A       100%        4
 Agony                    Necr           0%         N/A       100%        5
 Silence                  Hex/Air        0%         N/A       100%        5
 Starburst                Conj/Fire      0%         6d3       100%        6


Dungeon Overview and Level Annotations

Branches:
Dungeon (9/15)             Temple (0/1) D:7
   Lair: D:8-11         Orc: D:9-12

Altars:
Zin
Beogh

Annotations:
D:2 Sigmund
D:7 3 runed translucent doors, pigah's ghost, novice OpAE
D:9 Maggie


Innate Abilities, Weirdness & Mutations

You passively map the area around you.
You are easily found by Zot.
You glow in the dark.
You regain HP and MP as you explore.


Message History

* * * LOW HITPOINT WARNING * * *
You block the wyvern's attack.
Your kobold brigand hits the yak with a +0 dagger.
You block Maggie's attack.
The yak barely misses your kobold brigand.
The wyvern bites you but does no damage.
You feel much better.
You feel sick.
Your kobold brigand dissolves into shadows!
The wyvern bites you! You block Maggie's attack.
You closely miss Maggie.
Maggie is lightly wounded.
You feel sick. The wyvern bites you!
* * * LOW HITPOINT WARNING * * *
Maggie hits you with a +0 scimitar of draining!
* * * LOW HITPOINT WARNING * * *
You feel drained.
* * * LOW HITPOINT WARNING * * *
The lemure hits you but does no damage. You block the wyvern's attack.
Okay, then.
Sorry, you're not good enough to have a special ability.
Okay, then.
Okay, then.
You feel much better.
You feel sick. You block the wyvern's attack. The yak gores you.
Maggie gestures at you while chanting. The bolt of fire hits you!
* * * LOW HITPOINT WARNING * * *
You block the lemure's attack. The wyvern bites you!
* * * LOW HITPOINT WARNING * * *
You hit Maggie but do no damage.
Maggie is lightly wounded.
You feel sick.
You are no longer poisoned.
You block the wyvern's attack. You block the yak's attack.
Maggie gestures wildly while chanting.
Maggie draws you further into her thrall.
You block the lemure's attack. The wyvern bites you!
* * * LOW HITPOINT WARNING * * *
The lemure hits you.
You die...

, ,* * ,*, , #
####+###.##
#..<.†?....
##....#....* *
#....# ,. ,
##....# **, *
#...Y.# ,,
#...@@#* ,,
,,,
#...l5...... *
,,
#........... *
* #.....#.....
*
*#......##.:..
, #..####..
.... #.#
,,..,,... ,
*#. , ..., ..
, , ,, , ** ,


You could see Maggie (mesmerising, drained), a yak (weak-willed), a wyvern and a
lemure.

Vanquished Creatures
  A wraith (D:7)
  A steam dragon (D:8)
  A water moccasin (D:7)
  A black bear (D:4)
  An ogre (D:6)
  A phantom (D:4)
  2 kobold brigands
  A bullfrog (D:8)
  4 wights (D:6)
  5 killer bees (D:8)
  3 howler monkeys
  3 orc priests
  A jelly (D:6)
  2 hounds (D:6)
  An iguana (D:7)
  7 orc wizards
  13 gnolls
  2 adders (D:3)
  2 ufetubi
  A dart slug (D:2)
  19 orcs
  A giant cockroach (D:3)
  4 goblins
  3 hobgoblins
  4 jackals (D:3)
  A quokka (D:3)
  3 ball pythons
  3 bats
  2 frilled lizards (D:3)
  16 kobolds
  3 rats (D:3)
112 creatures vanquished.

Vanquished Creatures (collateral kills)
  2 yaks (D:9)
  A gnoll sergeant (D:9)
  A gnoll (D:9)
4 creatures vanquished.

Vanquished Creatures (others)
  A fungus (D:9)
  19 plants
20 creatures vanquished.

Grand Total: 136 creatures vanquished

Notes
Turn   | Place    | Note
-------+----------+-------------------------------------------
     0 | D:1      | testman the Meteoran Fighter began the quest for the Orb.
     0 | D:1      | Reached XP level 1. HP: 19/19 MP: 2/2
   366 | D:2      | Reached XP level 2. HP: 26/26 MP: 3/3
   495 | D:2      | Noticed Sigmund
   558 | D:3      | Reached XP level 3. HP: 31/31 MP: 4/4
   624 | D:3      | Reached XP level 4. HP: 17/40 MP: 5/5
   743 | D:3      | Reached skill level 4 in Fighting
   743 | D:3      | Reached XP level 5. HP: 42/46 MP: 6/6
  1073 | D:3      | Paralysed by an orc priest for 3 turns
  1084 | D:3      | Reached XP level 6. HP: 53/53 MP: 7/7
  1107 | D:3      | Found the +7 Throatcutter {drain, coup de grace}
  1124 | D:3      | Reached skill level 5 in Armour
  1124 | D:3      | Reached skill level 5 in Shields
  1354 | D:3      | Got the Handbook of Damage Dealing and Enchantment
  1382 | D:4      | Noticed a black bear
  1386 | D:4      | Killed a black bear
  1387 | D:4      | Reached skill level 5 in Fighting
  1387 | D:4      | Reached skill level 5 in Maces & Flails
  1387 | D:4      | Reached XP level 7. HP: 60/61 MP: 8/8
  1934 | D:4      | Found a glowing silver altar of Zin.
  2250 | D:4      | Glimpsed the power of Zot.
  2262 | D:4      | Found a glowing silver altar of Zin.
  2300 | D:4      | Glimpsed the power of Zot.
  2336 | D:5      | Entered Level 5 of the Dungeon
  2561 | D:6      | Reached skill level 6 in Fighting
  2561 | D:6      | Reached XP level 8. HP: 50/70 MP: 9/9
  2900 | D:6      | Reached skill level 7 in Fighting
  3048 | D:7      | Noticed a wraith
  3065 | D:7      | Killed a wraith
  3066 | D:7      | Gained mutation: You passively map the area around you.
                  | [Meteoran growth]
  3066 | D:7      | Reached XP level 9. HP: 56/79 MP: 10/10
  3175 | D:7      | Found a runed translucent gate.
  3176 | D:7      | Noticed pigah's ghost (novice OpAE)
  3176 | D:7      | Found a runed translucent gate.
  3176 | D:7      | Identified the +2 plate armour "Koestifibo" {rPois Int+3
                  | Dex+7}
  3177 | D:7      | Found a runed translucent gate.
  3396 | D:7      | Reached skill level 8 in Fighting
  3641 | D:8      | HP: 4/82 [poisoned by a killer bee]
  4101 | D:8      | Reached skill level 9 in Fighting
  4154 | D:9      | Identified a scroll of acquirement
  4154 | D:9      | Acquired the +1 hat "Xitwebli" {rF+ Int+4}
  4164 | D:9      | Noticed Maggie
  4170 | D:9      | Reached XP level 10. HP: 66/91 MP: 11/11
  4176 | D:9      | HP: 3/89 [wyvern (7)]
  4176 | D:9      | Slain by a lemure

Illustrated notes

Levels and vault maps discovered:
D:1:      roderic_crop_circles_arrival_small, layout_basic
D:2:      layout_basic, basic_ecumenical_altar, minivault_11, uniq_sigmund
D:3:      layout_loops_ring, dilly_guarded_unrand_throatcut
D:4:      layout_loops_ring, zin_scriptorium, kennysheep_flooded_box
D:5:      layout_cave_pools
D:6:      layout_loops_corners, nicolae_wu_jian_immortal_techniques
D:7:      layout_basic, minmay_temple_entry_proselytizer,
          biasface_ghost_orc_armoury
D:8:      layout_loops_ring, overflow_temple_1_default
D:9:      layout_rooms, nemelex_xobeh_ov_fountains_minmay,
          minmay_lair_entry_grove, enter_bailey_8, lemuel_another_geyser,
          uniq_pikel, uniq_maggie

Skill      XL: |  1  2  3  4  5  6  7  8  9 |
---------------+----------------------------+-----
Maces & Flails | 3 4 5 |  5.0
Armour         | 4 5 6 8 |  8.2
Shields        | 4 5 6 8 |  8.1
Fighting       | 4 5 6 7 9 |  9.6

Action                   |  1- 3 |  4- 6 |  7- 9 | 10-12 || total
-------------------------+-------+-------+-------+-------++-------
Melee: Flail             |    70 |    75 |       |       ||   145
       Long sword        |       |    15 |   151 |     5 ||   171
Throw: Dart              |       |     5 |     3 |       ||     8
  Use: Potion            |     1 |       |     3 |     2 ||     6
       Scroll            |       |       |     8 |       ||     8
Armor: Scale mail        |    25 |    35 |     5 |       ||    65
       Ring mail         |       |       |    82 |     4 ||    86
Dodge: Dodged            |    25 |    25 |    64 |       ||   114
Block: Buckler           |    13 |    19 |    13 |       ||    45
       Kite shield       |       |       |    96 |     9 ||   105

Table legend: (Time is in decaauts)
 A = Elapsed time spent in this place.
 B = Non-inter-level travel time spent in this place.
 C = Inter-level travel time spent in this place.
 D = Time resting spent in this place.
 E = Time spent auto-exploring this place.
 F = Levels seen in this place.
 G = Mean time per level.
                   A        B        C        D        E       F      G
               +--------+--------+--------+--------+--------+-----+--------+
         Total |   4329 |   4179 |    150 |    345 |   2694 |   9 |  481.0 |
       Dungeon |   4329 |   4179 |    150 |    345 |   2694 |   9 |  481.0 |
               +--------+--------+--------+--------+--------+-----+--------+

Top non-repeatable levels by time:
     D:4: 967 daAuts
     D:3: 904 daAuts
     D:7: 613 daAuts
     D:6: 609 daAuts
     D:8: 580 daAuts
     D:1: 318 daAuts
     D:2: 195 daAuts
     D:5: 106 daAuts
     D:9: 33 daAuts
